 Dungeon Crawl Stone Soup version 0.31-a0-187-gba352fbbf7 (webtiles) character file.

Game seed: 15726965287976090492

1007 qw the Skirmisher (level 8, -5/43 (45) HPs)
             Began as a Deep Elf Hunter on June 22, 2023.
             Was a Believer of Okawaru.
             Slain by a wight
             ... wielding a +0 spear
              (7 damage)
             ... on level 6 of the Dungeon.
             The game lasted 00:01:31 (3811 turns).

qw the Skirmisher (Deep Elf Hunter)                 Turns: 3811, Time: 00:01:31

HP:   -5/43 (45)    AC: 10    Str: 10    XL:     8   Next: 0%
MP:   10/12         EV: 14    Int: 15    God:    Okawaru [**....]
Gold: 8             SH:  0    Dex: 18    Spells: 7/7 levels left

rFire   + . .        Y - +0 arbalest
rCold   + + +        (shield currently unavailable)
rNeg    . . .        c - +2 ring mail "Noddiapt" {Rampage rElec rC+++ Stlth-}
rPois   .            (no helmet)
rElec   +            (no cloak)
rCorr   +            k - +1 pair of gloves
SInv    .            (no boots)
Will    .....        (no amulet)
Stlth   ++           d - ring of resist corrosion
HPRegen 0.27/turn    b - ring of protection from fire
MPRegen 0.13/turn

%: rampage
@: heroic, lightly drained
A: no striking features
a: Renounce Religion, Heroism


You were on level 6 of the Dungeon.
You worshipped Okawaru.
Okawaru was pleased with you.
You visited 2 branches of the dungeon, and saw 7 of its levels.

You collected 274 gold pieces.
You spent 266 gold pieces at shops.


   Skills:
 - Level 2.4(7.4) Fighting
 + Level 11.1(16.1) Ranged Weapons
 - Level 1.1(6.1) Armour
 - Level 3.6(8.6) Dodging
 - Level 1.2(6.2) Stealth
 + Level 3.9 Invocations


You had 7 spell levels left.
You didn't know any spells.
Your spell library was empty.

Inventory:

Hand Weapons
 Y - a +0 arbalest (weapon)
Armour
 c - the +2 ring mail "Noddiapt" (worn) {Rampage rElec rC+++ Stlth-}
   (You found it on level 4 of the Dungeon)

   rC:        It renders you almost immune to cold.
   rElec:     It insulates you from electricity.
   Rampage:   It bestows one free step when moving towards enemies.
   Stlth:     It makes you less stealthy.
 k - a +1 pair of gloves (worn)
Jewellery
 a - a ring of resist corrosion
 b - a ring of protection from fire (right hand)
 d - a ring of resist corrosion (left hand)
Scrolls
 n - 2 scrolls of identify
Potions
 g - a potion of cancellation
 h - a potion of curing
 j - 3 potions of might

Dungeon Overview and Level Annotations

Branches:
Dungeon (6/15)             Temple (1/1) D:4

Altars:
Ashenzari
Cheibriados
Dithmenos
Elyvilon
Fedhas
Gozag
Kikubaaqudgha
Makhleb
Nemelex Xobeh
Okawaru
Qazlal
Trog
Uskayaw
Vehumet
Wu Jian
Xom
Zin
The Shining One

Shops:
D:3 (   D:5 !


Message History

The wight is heavily damaged.
The wight hits you from afar with a +5 spear!
3801 ||| INVOKING Heroism.
You gain the combat prowess of a mighty hero.
The wight hits you from afar with a +5 spear!
You shoot a bolt. The bolt hits the wight!
You destroy the wight!
Okawaru accepts your kill. The wight hits you but does no damage.
Your base Ranged Weapons skill increases to level 11!
You shoot a bolt. The bolt barely misses the wight.
You shoot a bolt. The bolt hits the wight!
The wight is severely damaged.
The wight completely misses you. The wight barely misses you.
You shoot a bolt. The bolt closely misses the wight.
The wight hits you from afar with a +0 spear.
The wight barely misses you.
You shoot a bolt. The bolt closely misses the wight.
The wight hits you but does no damage. x2
The wight hits you with a +0 dire flail.
You feel drained. The wight barely misses you.
You shoot a bolt. The bolt barely misses the wight.
The wight hits you from afar with a +0 spear.
You feel drained. The wight closely misses you.
You shoot a bolt. The bolt closely misses the wight.
You hear the slow rusting of a distant drain.
The wight hits you but does no damage. The wight barely misses you.
You shoot a bolt. The bolt hits the wight.
You destroy the wight!
Okawaru accepts your kill.
The wight hits you from afar with a +0 spear.
You feel drained.
You have reached level 8!
You feel clever.
You shoot a bolt. The bolt closely misses the wight.
The wight hits you from afar with a +0 spear.
You feel drained.
The wight hits you from afar with a +0 spear.
You shoot a bolt. The bolt barely misses the wight.
The wight hits you from afar with a +0 spear!
You die...

#.......#
#.......#
#....)..####
#..........
#........#
+.......#
########......#
#.....)...@)).#
#.##<#######z.#
#........# .##
........... z#
#........#.# z#
+........#.# .#
#..(.....# # +#
#........#
##########


You could see a wight.

Vanquished Creatures
  Eustachio (D:5)
  An ogre (D:4)
  A centaur (D:5)
  A phantom (D:5)
  2 scorpions (D:4)
  4 wights (D:6)
  A howler monkey (D:4)
  3 hounds (D:4)
  An iguana (D:5)
  7 adders
  3 worms
  5 orcs
  10 ball pythons
  6 endoplasms
  4 giant cockroaches
  6 goblins
  5 hobgoblins
  5 kobolds
  2 quokkas
  9 bats
  3 frilled lizards (D:1)
  5 rats
85 creatures vanquished.

Notes
Turn   | Place    | Note
-------+----------+-------------------------------------------
     0 | D:1      | qw the Deep Elf Hunter began the quest for the Orb.
     0 | D:1      | Reached XP level 1. HP: 12/12 MP: 3/3
     0 | D:1      | 0 ||| qw: Version: 0.3-a-9-g12657ce
     0 | D:1      | 0 ||| qw: Game counter: 2157
     0 | D:1      | 0 ||| qw: Always use a shield: true
     0 | D:1      | 0 ||| qw: God list: Okawaru
     0 | D:1      | 0 ||| qw: Allow faded altars: false
     0 | D:1      | 0 ||| qw: Do Orc after D:15 true
     0 | D:1      | 0 ||| qw: Do second Lair branch before Depths: true
     0 | D:1      | 0 ||| qw: Lair rune preference: random
     0 | D:1      | 0 ||| qw: Plans: Normal
     0 | D:1      | 0 ||| PLANNING D:1-11
   142 | D:1      | Reached skill level 6 in Ranged Weapons
   142 | D:1      | Reached XP level 2. HP: 15/16 MP: 4/4
   605 | D:1      | 605 ||| UPGRADING to ring of resist corrosion.
   606 | D:1      | 606 ||| READING scroll labelled XIECENUOFU.
   607 | D:1      | 607 ||| READING scroll labelled WEOXEPH SANYMEE.
   608 | D:1      | 608 ||| READING 3 scrolls labelled JIFRUCVAIC.
   609 | D:1      | 609 ||| DROPPING scroll of butterflies.
   610 | D:1      | 610 ||| DROPPING 2 scrolls of blinking.
   652 | D:2      | Reached XP level 3. HP: 13/20 MP: 5/5
   784 | D:2      | Reached skill level 7 in Ranged Weapons
  1011 | D:2      | Reached XP level 4. HP: 21/25 MP: 6/6
  1489 | D:2      | 1489 ||| READING scroll labelled EDWERU VAUS.
  1490 | D:2      | 1490 ||| DRINKING 2 lumpy green potions.
  1873 | D:3      | Found Orrerr's Weapon Shoppe.
  1911 | D:3      | 1911 ||| UPGRADING to +0 ring mail.
  1921 | D:3      | 1921 ||| DROPPING +0 leather armour.
  1922 | D:3      | 1922 ||| UPGRADING to ring of protection from fire.
  1923 | D:3      | 1923 ||| READING scroll labelled VUSHIM UCWACAU.
  2024 | D:3      | 2024 ||| READING scroll labelled IPNEAW DEUBB.
  2025 | D:3      | 2025 ||| READING scroll labelled BIKEEFUDIMP.
  2026 | D:3      | 2026 ||| READING scroll labelled ZEREIR ILAPN.
  2072 | D:3      | 2072 ||| READING scroll labelled AFIEMAUMNO.
  2073 | D:3      | 2073 ||| DRINKING 3 sapphire potions.
  2074 | D:3      | 2074 ||| DROPPING 2 potions of magic.
  2108 | D:4      | Found a staircase to the Ecumenical Temple.
  2109 | D:4      | 2109 ||| PLANNING TEMPLE
  2109 | D:4      | 2109 ||| STAIRDANCE
  2113 | D:4      | 2113 ||| STAIRDANCE
  2117 | D:4      | 2117 ||| STAIRDANCE
  2182 | D:4      | Reached skill level 8 in Ranged Weapons
  2203 | Temple   | Entered the Ecumenical Temple
  2360 | Temple   | 2360 ||| PLANNING OKAWARU WORSHIP
  2426 | Temple   | Became a worshipper of Warmaster Okawaru
  2427 | Temple   | 2427 ||| PLANNING D:1-11
  2474 | D:4      | Noticed a scorpion
  2480 | D:4      | Killed a scorpion
  2481 | D:4      | Reached skill level 9 in Ranged Weapons
  2481 | D:4      | Reached XP level 5. HP: 18/29 MP: 7/7
  2591 | D:4      | Identified the +2 ring mail "Noddiapt" {Rampage rElec rC+++
                  | Stlth-}
  2641 | D:4      | Reached XP level 6. HP: 36/36 MP: 8/8
  2760 | D:4      | HP: 8/36 [poisoned by a scorpion]
  2761 | D:4      | 2761 ||| DRINKING potion of curing.
  2761 | D:4      | 2761 ||| (to cure poison)
  2872 | D:4      | Found a hide-covered altar of Uskayaw.
  2880 | D:4      | Found a radiant altar of Vehumet.
  2881 | D:4      | Found a glowing golden altar of the Shining One.
  2881 | D:4      | Found a burning altar of Makhleb.
  2881 | D:4      | Found a broken altar of Ashenzari.
  2882 | D:4      | Found a stormy altar of Qazlal.
  2886 | D:4      | Found a bloodstained altar of Trog.
  3149 | D:4      | 3149 ||| SWAPPING to +0 arbalest.
  3150 | D:4      | 3150 ||| DROPPING +1 shortbow.
  3151 | D:4      | 3151 ||| UPGRADING to +2 ring mail "Noddiapt" {Rampage
                  | rElec rC+++ Stlth-}.
  3161 | D:4      | 3161 ||| DROPPING +0 ring mail.
  3162 | D:4      | 3162 ||| DRINKING 2 dark potions.
  3163 | D:4      | 3163 ||| READING 3 scrolls of identify.
  3163 | D:4      | 3163 ||| IDENTIFYING fuming dark potion
  3164 | D:4      | 3164 ||| READING 2 scrolls of identify.
  3164 | D:4      | 3164 ||| IDENTIFYING grey potion
  3165 | D:4      | 3165 ||| DROPPING potion of berserk rage.
  3197 | D:5      | Entered Level 5 of the Dungeon
  3199 | D:5      | 3199 ||| STAIRDANCE
  3201 | D:4      | HP: 9/36 [ogre/+0 giant spiked club (6)]
  3202 | D:4      | 3202 ||| DRINKING potion of heal wounds.
  3206 | D:4      | Reached * piety under Okawaru
  3207 | D:4      | Reached skill level 10 in Ranged Weapons
  3207 | D:4      | 3207 ||| INVOKING Heroism.
  3269 | D:5      | Reached skill level 3 in Dodging
  3269 | D:5      | Reached XP level 7. HP: 40/40 MP: 9/9
  3323 | D:5      | Noticed Eustachio
  3324 | D:5      | 3324 ||| INVOKING Heroism.
  3333 | D:5      | 3333 ||| INVOKING Heroism.
  3336 | D:5      | Killed Eustachio
  3513 | D:5      | Found Ruck's Distillery.
  3521 | D:5      | 3521 ||| BUYING 2 potions of might (112 gold).
  3521 | D:5      | Bought 2 potions of might for 112 gold pieces
  3521 | D:5      | 3521 ||| BUYING potion of cancellation (112 gold).
  3521 | D:5      | Bought a potion of cancellation for 112 gold pieces
  3521 | D:5      | 3521 ||| BUYING potion of curing (42 gold).
  3521 | D:5      | Bought a potion of curing for 42 gold pieces
  3521 | D:5      | 3521 ||| SHOPLISTING potion of curing (42 gold, have 8).
  3521 | D:5      | 3521 ||| SHOPLISTING potion of might (56 gold, have 8).
  3746 | D:5      | 3746 ||| DROPPING scarf of shadows.
  3747 | D:5      | 3747 ||| UPGRADING to +1 pair of gloves.
  3752 | D:5      | 3752 ||| READING scroll labelled OHIGUL QIXO.
  3765 | D:6      | 3765 ||| PLANNING SEWER
  3773 | D:6      | Reached skill level 3 in Invocations
  3794 | D:6      | Reached skill level 1 in Armour
  3799 | D:6      | 3799 ||| Stepping ~*~*~tactically~*~*~ (outnumbered).
  3801 | D:6      | 3801 ||| INVOKING Heroism.
  3803 | D:6      | Reached skill level 11 in Ranged Weapons
  3806 | D:6      | HP: 10/40 [wight/+0 dire flail (1)]
  3807 | D:6      | HP: 4/38 [wight/+0 spear (1)]
  3809 | D:6      | Reached ** piety under Okawaru
  3810 | D:6      | Reached XP level 8. HP: 4/44 MP: 10/12
  3811 | D:6      | Slain by a wight

Levels and vault maps discovered:
D:1:      dpeg_arrival_pits, layout_basic, minmay_tetromino_s4
D:2:      layout_basic
D:3:      layout_basic, serial_shops, nicolae_shop_tiny_glass
D:4:      layout_cave_pools, minitemple, minmay_temple_entry_mist,
          corexii_corridor_pit, mrwooster_statue_mirror
D:5:      layout_gridville, serial_shops, shop, roderic_batcave, nrook_campfire,
          corexii_leaking_fountain, uniq_eustachio
D:6:      layout_basic, gup_sewer_entry_bowl, pf_guarded_unrand_woodcutter,
          uniq_sigmund
Temple:   minmay_temple_curvy_loop

Skill      XL: |  1  2  3  4  5  6  7 |
---------------+----------------------+-----
Ranged Weapons | 6 7 9 10 11 | 11.1
Fighting       | 2 |  2.4
Dodging        | 3 |  3.6
Invocations    | 3 |  3.9
Armour         | 1 |  1.1
Stealth        | |  1.2

Action                     |  1- 3 |  4- 6 |  7- 9 || total
---------------------------+-------+-------+-------++-------
   Fire: Shortbow          |   105 |   135 |       ||   240
         Arbalest          |       |    10 |    53 ||    63
 Invoke: Heroism           |       |     1 |     3 ||     4
    Use: Scroll            |     3 |     8 |     1 ||    12
         Potion            |       |     5 |       ||     5
 Armour: Leather armour    |     9 |     2 |       ||    11
         Ring mail         |       |    23 |    24 ||    47
  Dodge: Dodged            |    18 |    53 |    34 ||   105

Table legend:
 A = Non-vault XP
 B = Vault XP
 C = Vault XP percentage of total XP
 D = Non-vault monster count
 E = Vault monster count
 F = Vault count percentage of total count
                 A         B        C        D         E       F
            +---------+---------+-------+---------+---------+-------
      Total |    1215 |     224 |  15.6 |      75 |      10 |  11.8
            +---------+---------+-------+---------+---------+-------
        D:1 |      34 |       4 |  10.5 |      20 |       2 |   9.1
        D:2 |      60 |       0 |   0.0 |      13 |       0 |   0.0
        D:3 |      49 |       0 |   0.0 |      12 |       0 |   0.0
        D:4 |     507 |       0 |   0.0 |      22 |       0 |   0.0
        D:5 |     263 |     220 |  45.5 |       4 |       8 |  66.7
        D:6 |     302 |       0 |   0.0 |       4 |       0 |   0.0
            +---------+---------+-------+---------+---------+-------
